PA
GALESBURG GUZZLERS @ SOUTH BEACH BLAZE
08/20/2042
 
TOP OF THE 1ST
Galesburg Guzzlers batting - Pitching for South Beach Blaze : LHP Shan-tang Yang
Pitching: LHP Shan-tang Yang
Batting: RHB Cheh Che 0-0: Ground out 4-3 (Groundball, 4S, EV 76.9 MPH)
Batting: RHB Paul Kelly 0-0: Ball
1-0: Foul Ball, location: 2F
1-1: Ball
2-1: Foul Ball, location: 2F
2-2: Ball
3-2: Strikes out swinging
Batting: RHB Nathan Nelson 0-0: Ball
1-0: Ground out 6-3 (Groundball, 6, EV 92.5 MPH)
Top of the 1st over - 0 runs, 0 hits, 0 errors, 0 left on base; Galesburg 0 - South Beach 0
BOTTOM OF THE 1ST
South Beach Blaze batting - Pitching for Galesburg Guzzlers : LHP Anathapinda Sahar
Pitching: LHP Anathapinda Sahar
Batting: LHB Raúl Miranda 0-0: Ball
1-0: Fly out, F9 (Line Drive, 9, EV 90.6 MPH)
Batting: RHB Marvin Davenport 0-0: Ball
1-0: Swinging Strike
1-1: Swinging Strike
1-2: Ball
2-2: Foul Ball, location: 2F
2-2: Foul Ball, location: 2F
2-2: Foul Ball, location: 2F
2-2: Foul Ball, location: 2F
2-2: Ball
3-2: Ground out 4-3 (Groundball, 4, EV 88.8 MPH)
Batting: LHB Duane Halfyard 0-0: Swinging Strike
0-1: Called Strike
0-2: Ball
1-2: Ball
2-2: Foul Ball, location: 2F
2-2: Ball
3-2: Foul Ball, location: 2F
3-2: Fly out, F8 (Flyball, 8RD, EV 82.5 MPH)
Bottom of the 1st over - 0 runs, 0 hits, 0 errors, 0 left on base; Galesburg 0 - South Beach 0
TOP OF THE 2ND
Galesburg Guzzlers batting - Pitching for South Beach Blaze : LHP Shan-tang Yang
Batting: RHB Woody Marshall 0-0: Ball
1-0: Swinging Strike
1-1: Fly out, F8 (Line Drive, 8RM, EV 92.5 MPH)
Batting: LHB Luis Flores 0-0: Fly out, F8 (Flyball, 8RXD, EV 90.6 MPH)
Batting: RHB Walt Reed 0-0: Ball
1-0: Called Strike
1-1: Swinging Strike
1-2: SINGLE (Groundball, 23, EV 83.8 MPH) (infield hit)
Batting: LHB Paul Green 0-0: Ball
1-0: Called Strike
1-1: Ground out 1-3 (Groundball, 15S, EV 70.0 MPH)
Top of the 2nd over - 0 runs, 1 hit, 0 errors, 1 left on base; Galesburg 0 - South Beach 0
BOTTOM OF THE 2ND
South Beach Blaze batting - Pitching for Galesburg Guzzlers : LHP Anathapinda Sahar
Batting: LHB Tony Parra 0-0: Ball
1-0: SINGLE (Groundball, 6, EV 105.0 MPH) (infield hit)
Batting: RHB Jordan Hanley 0-0: Ball
1-0: Ground out 5-3 (Groundball, 56S, EV 69.4 MPH)
Tony Parra to second
Batting: LHB Juan Carlos Duprat 0-0: Ball
1-0: Foul Ball, location: 2F
1-1: Ball
2-1: Ball
3-1: Base on Balls
Batting: RHB Juan Tilve 0-0: Called Strike
0-1: Called Strike
0-2: SINGLE (Groundball, 4D, EV 99.4 MPH)
Tony Parra to third
Juan Carlos Duprat to second
Batting: RHB Manny Opio 0-0: Grounds into double play, 5-4-3 (Groundball, 56, EV 90.6 MPH)
Bottom of the 2nd over - 0 runs, 2 hits, 0 errors, 2 left on base; Galesburg 0 - South Beach 0
TOP OF THE 3RD
Galesburg Guzzlers batting - Pitching for South Beach Blaze : LHP Shan-tang Yang
Batting: RHB George O'Rorke 0-0: Ball
1-0: Called Strike
1-1: Ball
2-1: SOLO HOME RUN (Flyball, 7D, EV 101.9 MPH), Distance : 405 ft
Batting: RHB Francis Hicken 0-0: Called Strike
0-1: Foul Ball, location: 2F
0-2: Strikes out swinging
Batting: RHB Cheh Che 0-0: Swinging Strike
0-1: Ball
1-1: Ball
2-1: Ball
3-1: Base on Balls
Batting: RHB Paul Kelly 0-0: Ball
1-0: Called Strike
1-1: Ball
2-1: Ball
Cheh Che steals 2nd base
3-1: Ground out 3-1 (Groundball, 34, EV 86.9 MPH)
Cheh Che to third
Batting: RHB Nathan Nelson 0-0: Ball
1-0: Foul Ball, location: 2F
1-1: Swinging Strike
1-2: Ball
2-2: Ground out 6-3 (Groundball, 6, EV 110.6 MPH)
Top of the 3rd over - 1 run, 1 hit, 0 errors, 1 left on base; Galesburg 1 - South Beach 0
BOTTOM OF THE 3RD
South Beach Blaze batting - Pitching for Galesburg Guzzlers : LHP Anathapinda Sahar
Batting: LHB Ángel López 0-0: Swinging Strike
0-1: Ball
1-1: Ball
2-1: Ball
3-1: Called Strike
3-2: Strikes out swinging
Batting: LHB Raúl Miranda 0-0: Ball
1-0: Ground out 6-3 (Groundball, 6S, EV 71.9 MPH)
Batting: RHB Marvin Davenport 0-0: Ball
1-0: Fly out, F8 (Flyball, 89XD, EV 95.0 MPH)
Bottom of the 3rd over - 0 runs, 0 hits, 0 errors, 0 left on base; Galesburg 1 - South Beach 0
TOP OF THE 4TH
Galesburg Guzzlers batting - Pitching for South Beach Blaze : LHP Shan-tang Yang
Batting: RHB Woody Marshall 0-0: Called Strike
0-1: Fly out, F8 (Line Drive, 8RD, EV 96.2 MPH)
Batting: LHB Luis Flores 0-0: Foul Ball, location: 2F
0-1: Fly out, F9 (Flyball, 9LSF, EV 90.6 MPH)
Batting: RHB Walt Reed 0-0: Swinging Strike
0-1: Ball
1-1: Ball
2-1: Swinging Strike
2-2: Ball
3-2: SINGLE (Groundball, 34D, EV 96.2 MPH)
Batting: LHB Paul Green 0-0: Ball
1-0: Called Strike
1-1: Called Strike
1-2: Ball
2-2: Strikes out swinging
Top of the 4th over - 0 runs, 1 hit, 0 errors, 1 left on base; Galesburg 1 - South Beach 0
BOTTOM OF THE 4TH
South Beach Blaze batting - Pitching for Galesburg Guzzlers : LHP Anathapinda Sahar
Batting: LHB Duane Halfyard 0-0: Called Strike
0-1: Ball
1-1: Foul Ball, location: 2F
1-2: Ball
2-2: Strikes out swinging
Batting: LHB Tony Parra 0-0: Foul Ball, location: 2F
0-1: Foul Ball, location: 2F
0-2: DOUBLE (Flyball, 8LXD, EV 91.9 MPH)
Batting: RHB Jordan Hanley 0-0: Ball
1-0: Fly out, F7 (Flyball, 7S, EV 81.9 MPH)
Batting: LHB Juan Carlos Duprat 0-0: Called Strike
0-1: Ball
1-1: Ground out 6-3 (Groundball, 56, EV 81.2 MPH)
Bottom of the 4th over - 0 runs, 1 hit, 0 errors, 1 left on base; Galesburg 1 - South Beach 0
TOP OF THE 5TH
Galesburg Guzzlers batting - Pitching for South Beach Blaze : LHP Shan-tang Yang
Batting: RHB George O'Rorke 0-0: Called Strike
0-1: Swinging Strike
0-2: Ball
1-2: Ball
2-2: Strikes out looking
Batting: RHB Francis Hicken 0-0: Ball
1-0: Called Strike
1-1: Ball
2-1: Foul Ball, location: 2F
2-2: Foul Ball, location: 2F
2-2: Strikes out swinging
Batting: RHB Cheh Che 0-0: Called Strike
0-1: Called Strike
0-2: Fly out, F9 (Flyball, 89M, EV 93.1 MPH)
Top of the 5th over - 0 runs, 0 hits, 0 errors, 0 left on base; Galesburg 1 - South Beach 0
BOTTOM OF THE 5TH
South Beach Blaze batting - Pitching for Galesburg Guzzlers : LHP Anathapinda Sahar
Batting: RHB Juan Tilve 0-0: Called Strike
0-1: Foul Ball, location: 2F
0-2: Fly out, F4 (Popup, 4M, EV 71.2 MPH)
Batting: RHB Manny Opio 0-0: Ball
1-0: Foul Ball, location: 2F
1-1: SINGLE (Groundball, 4MD, EV 106.2 MPH)
Batting: LHB Ángel López 0-0: Called Strike
0-1: Ball
1-1: Swinging Strike
1-2: Fly out, F8 (Line Drive, 8LM, EV 102.5 MPH)
Batting: LHB Raúl Miranda 0-0: Ball
1-0: Fly out, F9 (Flyball, 89M, EV 85.6 MPH)
Bottom of the 5th over - 0 runs, 1 hit, 0 errors, 1 left on base; Galesburg 1 - South Beach 0
TOP OF THE 6TH
Galesburg Guzzlers batting - Pitching for South Beach Blaze : LHP Shan-tang Yang
Batting: RHB Paul Kelly 0-0: Foul Ball, location: 2F
0-1: Ball
1-1: Foul Ball, location: 2F
1-2: Strikes out looking
Batting: RHB Nathan Nelson 0-0: Foul Ball, location: 2F
0-1: Ball
1-1: Ground out 6-3 (Groundball, 6, EV 98.8 MPH)
Batting: RHB Woody Marshall 0-0: Called Strike
0-1: SINGLE (Flyball, 78S, EV 85.6 MPH)
Batting: LHB Luis Flores 0-0: Called Strike
0-1: Called Strike
0-2: DOUBLE (Line Drive, 8LXD, EV 101.2 MPH)
Woody Marshall to third
Runner from 3rd tries for Home, SAFE, no throw by CF
Batting: RHB Walt Reed 0-0: Ball
1-0: Ball
2-0: Ball
3-0: Called Strike
3-1: Foul Ball, location: 2F
3-2: Strikes out looking
Top of the 6th over - 1 run, 2 hits, 0 errors, 1 left on base; Galesburg 2 - South Beach 0
BOTTOM OF THE 6TH
South Beach Blaze batting - Pitching for Galesburg Guzzlers : LHP Anathapinda Sahar
Batting: RHB Marvin Davenport 0-0: SINGLE (Line Drive, 89S, EV 95.0 MPH)
Batting: LHB Duane Halfyard 0-0: Called Strike
0-1: Called Strike
0-2: Ball
1-2: Strikes out looking
Batting: LHB Tony Parra 0-0: Foul Ball, location: 2F
0-1: Fly out, F8 (Flyball, 89M, EV 92.5 MPH)
Batting: RHB Jordan Hanley 0-0: Ball
1-0: Fly out, F2 (Popup, 2RF, EV 90.6 MPH)
Bottom of the 6th over - 0 runs, 1 hit, 0 errors, 1 left on base; Galesburg 2 - South Beach 0
TOP OF THE 7TH
Galesburg Guzzlers batting - Pitching for South Beach Blaze : LHP Shan-tang Yang
Batting: LHB Paul Green 0-0: Ball
1-0: Ball
2-0: Ball
3-0: Called Strike
3-1: Base on Balls
Batting: RHB George O'Rorke 0-0: Ball
1-0: Called Strike
1-1: Fly out, F3 (Popup, 34S, EV 84.4 MPH)
Pitching: RHP Dan Smith
Batting: RHB Francis Hicken 0-0: Called Strike
0-1: Ball
1-1: Foul Ball, location: 2F
1-2: Foul Ball, location: 2F
1-2: Ball
2-2: Strikes out looking
Batting: RHB Cheh Che 0-0: SINGLE (Groundball, 34S, EV 87.5 MPH) (infield hit)
Paul Green to second
Batting: RHB Paul Kelly 0-0: Ball
1-0: Called Strike
1-1: Swinging Strike
1-2: Strikes out swinging
Top of the 7th over - 0 runs, 1 hit, 0 errors, 2 left on base; Galesburg 2 - South Beach 0
BOTTOM OF THE 7TH
South Beach Blaze batting - Pitching for Galesburg Guzzlers : LHP Anathapinda Sahar
Batting: LHB Juan Carlos Duprat 0-0: Ball
1-0: Ball
2-0: Called Strike
2-1: Ground out 5-3 (Groundball, 56S, EV 70.6 MPH)
Pitching: RHP Rob Durnford
Batting: RHB Juan Tilve 0-0: Ball
1-0: Ground out 5-3 (Groundball, 56, EV 95.0 MPH)
Batting: RHB Manny Opio 0-0: Called Strike
0-1: Ball
1-1: Ball
2-1: Foul Ball, location: 2F
2-2: Strikes out looking
Bottom of the 7th over - 0 runs, 0 hits, 0 errors, 0 left on base; Galesburg 2 - South Beach 0
TOP OF THE 8TH
Galesburg Guzzlers batting - Pitching for South Beach Blaze : RHP Dan Smith
Batting: RHB Nathan Nelson 0-0: Fly out, F7 (Flyball, 78D, EV 91.9 MPH)
Batting: RHB Woody Marshall 0-0: Ball
1-0: Foul Ball, location: 2F
1-1: Foul Ball, location: 2F
1-2: Foul Ball, location: 2F
1-2: Ball
2-2: Ground out 6-3 (Groundball, 4MS, EV 91.2 MPH)
Batting: LHB Luis Flores 0-0: Foul Ball, location: 2F
0-1: Ball
1-1: Ball
2-1: Foul Ball, location: 2F
2-2: Foul Ball, location: 2F
2-2: Strikes out swinging
Top of the 8th over - 0 runs, 0 hits, 0 errors, 0 left on base; Galesburg 2 - South Beach 0
BOTTOM OF THE 8TH
South Beach Blaze batting - Pitching for Galesburg Guzzlers : RHP Rob Durnford
Now at 1B: Ching Sun
Batting: LHB Ángel López 0-0: Ball
1-0: Ball
2-0: SOLO HOME RUN (Flyball, 9LD, EV 101.2 MPH), Distance : 343 ft
Batting: LHB Raúl Miranda 0-0: Called Strike
0-1: Called Strike
0-2: Ball
1-2: Ball
2-2: Ball
3-2: SINGLE (Groundball, 4MD, EV 93.8 MPH)
Pitching: RHP Aarnoud Luyks
Now at SS: Ethan Allcorn
Batting: RHB Marvin Davenport 0-0: Bunted foul
0-1: Sac Bunt to 3S - play at first, batter OUT! 3-1
Raúl Miranda to second
Batting: LHB Duane Halfyard 0-0: Foul Ball, location: 2F
0-1: Foul Ball, location: 2F
0-2: Foul Ball, location: 2F
0-2: Fly out, F1 (Line Drive, P, EV 66.9 MPH)
Batting: LHB Tony Parra 0-0: Called Strike
0-1: Ball
1-1: Ground out 1-3 (Groundball, 15S, EV 74.4 MPH)
Bottom of the 8th over - 1 run, 2 hits, 0 errors, 1 left on base; Galesburg 2 - South Beach 1
TOP OF THE 9TH
Galesburg Guzzlers batting - Pitching for South Beach Blaze : RHP Dan Smith
Batting: RHB Walt Reed 0-0: Foul Ball, location: 2F
0-1: Foul Ball, location: 2F
0-2: Ball
1-2: Ball
2-2: Foul Ball, location: 2F
2-2: Ball
3-2: Foul Ball, location: 2F
3-2: Ground out 6-3 (Groundball, 6, EV 83.1 MPH)
Batting: LHB Paul Green 0-0: Ground out U3 (Groundball, 3, EV 85.0 MPH)
Batting: RHB George O'Rorke 0-0: Called Strike
0-1: Swinging Strike
0-2: Strikes out swinging
Top of the 9th over - 0 runs, 0 hits, 0 errors, 0 left on base; Galesburg 2 - South Beach 1
BOTTOM OF THE 9TH
South Beach Blaze batting - Pitching for Galesburg Guzzlers : RHP Aarnoud Luyks
Pinch Hitting: LHB Enrique Emperador 0-0: DOUBLE (Flyball, 78XD, EV 96.9 MPH)
Batting: LHB Juan Carlos Duprat 0-0: Ball
1-0: Foul Ball, location: 2F
1-1: Swinging Strike
1-2: Ball
2-2: Foul Ball, location: 2F
2-2: Strikes out swinging
Pinch Hitting: SHB Nobukazu Fujihara 0-0: Called Strike
0-1: Ball
1-1: Foul Ball, location: 2F
1-2: Strikes out looking
Batting: RHB Manny Opio 0-0: Ball
1-0: Called Strike
1-1: Swinging Strike
1-2: Ball
2-2: Strikes out looking
Bottom of the 9th over - 0 runs, 1 hit, 0 errors, 1 left on base; Galesburg 2 - South Beach 1
Friday, March 26th, 2021 - OOTP Baseball 20.8 Build 74